 Dungeon Crawl Stone Soup version 0.21-a0-241-g2cbab09 (webtiles) character file.

499 tidbits the Digger (level 6, -1/45 HPs)
             Began as a Demigod Wanderer on Sept 3, 2017.
             Slain by Edmund
             ... wielding a +1 flail of protection
              (9 damage)
             ... on level 5 of the Dungeon.
             The game lasted 00:22:14 (1954 turns).

tidbits the Digger (Demigod Wanderer)               Turns: 1954, Time: 00:22:15

Health: -1/45      AC:  2    Str: 15    XL:     6   Next: 62%
Magic:  6/14       EV: 11    Int: 21    God:
Gold:   177        SH:  0    Dex: 14    Spells: 5/12 levels left

rFire    . . .     SeeInvis .   a - +2 dagger (speed)
rCold    . . .     Gourm    .   (no shield)
rNeg     . . .     Faith    .   (no armour)
rPois    .         Spirit   .   (no helmet)
rElec    .         Reflect  .   (no cloak)
rCorr    .         Harm     .   G - +0 pair of gloves
MR       .....                  F - +0 pair of boots
Stlth    ++........             (no amulet)
HPRegen  0.15/turn              u - ring of wizardry
MPRegen  0.14/turn              (no ring)

@: drained
A: high mp 1
a: no special abilities


You were on level 5 of the Dungeon.
You were not hungry.

You visited 1 branch of the dungeon, and saw 6 of its levels.

You collected 177 gold pieces.

Inventory:

Hand Weapons
 a - a +2 dagger of speed (weapon)
   (You found it on level 1 of the Dungeon)
 e - a +0 club
 f - a +0 dagger
 h - a +0 hunting sling
 r - a cursed -2 hand axe
Missiles
 j - 38 stones (quivered)
 m - 40 arrows
 n - 11 bolts
 q - a throwing net {!f}
Armour
 d - a +0 robe
 B - a +2 leather armour of cold resistance
   (You found it on level 2 of the Dungeon)
 F - a +0 pair of boots (worn)
 G - a +0 pair of gloves (worn)
 J - the +5 plate armour of Truth {rElec rC- Int+4 Stlth+}
   (You found it on level 6 of the Dungeon)

   It affects your intelligence (+4).
   It makes you vulnerable to cold.
   It insulates you from electricity.
   It makes you more stealthy.
Jewellery
 o - an uncursed ring of fire
   (You found it on level 1 of the Dungeon)
 u - a ring of wizardry (left hand)
   (You found it on level 3 of the Dungeon)
Scrolls
 i - 2 scrolls of identify
 p - 2 scrolls of fog
 s - 2 scrolls of recharging {unknown}
 t - 2 scrolls of fear {unknown}
 v - a scroll of teleportation {unknown}
 w - a scroll of remove curse {unknown}
 x - a scroll of amnesia {unknown}
 y - a scroll of enchant weapon {unknown}
 D - a scroll of immolation {unknown}
Potions
 b - a potion of lignification
 z - 3 potions of curing
 A - 2 potions of flight
 E - a potion of heal wounds {unknown}
 H - a potion of cancellation
 I - a potion of brilliance
Books
 c - Cukighor's Incunabulum of Earth

   Spells                             Type                      Level
   a - Sandblast                      Earth                        1
   b - Stone Arrow                    Conjuration/Earth            3
 k - a book of Minor Magic

   Spells                             Type                      Level
   a - Magic Dart                     Conjuration                  1
   b - Blink                          Translocation                2
   c - Call Imp                       Summoning                    2
   d - Slow                           Hexes                        2
   e - Conjure Flame                  Conjuration/Fire             3
   f - Mephitic Cloud                 Conjuration/Poison/Air       3
Comestibles
 g - 6 bread rations
 l - 2 meat rations
 C - 2 royal jellies


   Skills:
 - Level 1.9(1.7) Stealth
 + Level 3.7(3.5) Spellcasting
 - Level 2.8(2.5) Conjurations
   Level 1.7(1.5) Ice Magic
 * Level 5.4(5.2) Earth Magic


You had 5 spell levels left.
You knew the following spells:

 Your Spells              Type           Power        Failure   Level  Hunger
i - Call Imp              Summ           #.......     8%          2    ##.....
q - Sandblast             Erth           ####..       1%          1    None
z - Magic Dart            Conj           ##..         1%          1    None
Q - Stone Arrow           Conj/Erth      ###...       3%          3    ###....


Dungeon Overview and Level Annotations

Branches:
Dungeon (6/15)
 Temple: D:4-7

Annotations:
D:5 Edmund


Innate Abilities, Weirdness & Mutations

You have an increased reservoir of magic. (+10% MP)


Message History

Aim: a worker ant (lightly wounded)
The blast of sand hits the worker ant.
The worker ant is moderately wounded.
j - 44 stones
Casting: Sandblast
Confirm with . or Enter, or press ? or * to list all spells.
Aiming: Stone Arrow
Press: ? - help, Shift-Dir - straight line, f/p - worker ant
Aim: a worker ant (moderately wounded)
The stone arrow hits the worker ant.
You kill the worker ant!
A wight and Edmund come into view.
Edmund is wielding a flail of protection.
Casting: Stone Arrow
Confirm with . or Enter, or press ? or * to list all spells.
Aiming: Magic Dart
Press: ? - help, Shift-Dir - straight line, f - Edmund
Aim: Edmund, wielding a flail of protection and wearing a ring mail (resting)
The magic dart hits Edmund.
Edmund is lightly wounded.
Edmund shouts!
Edmund zaps a wand.
The puff of flame hits you!
It is a wand of flame (?/48). 2 wights come into view.
A wight is wielding a morningstar of freezing.
An orc comes into view. It is wielding a trident.
The orc shouts!
The orc completely misses you. The orc hits you with a trident.
The orc hits you with a trident.
Casting: Magic Dart
Confirm with . or Enter, or press ? or * to list all spells.
Aiming: Sandblast
Press: ? - help, Shift-Dir - straight line, f - orc
Aim: an orc, wielding a trident The blast of sand misses the orc.
j - 43 stones The orc hits you but does no damage.
Casting: Sandblast
Confirm with . or Enter, or press ? or * to list all spells.
Aiming: Sandblast
Press: ? - help, Shift-Dir - straight line, f/p - orc
Aim: an orc, wielding a trident The blast of sand hits the orc.
You kill the orc!
j - 42 stones
Casting: Sandblast
Confirm with . or Enter, or press ? or * to list all spells.
Aiming: Sandblast
Press: ? - help, Shift-Dir - straight line, f - wight
Aim: a wight, wielding an enchanted great sword and wearing a robe The blast of sand hits the wight.
The wight is moderately damaged.
j - 41 stones
Casting: Sandblast
Confirm with . or Enter, or press ? or * to list all spells.
Aiming: Sandblast
Press: ? - help, Shift-Dir - straight line, f/p - wight
Aim: a wight, wielding an enchanted great sword and wearing a robe (moderately damaged)
The blast of sand hits the wight.
The wight is severely damaged.
j - 40 stones
Casting: Sandblast
Confirm with . or Enter, or press ? or * to list all spells.
Aiming: Sandblast
Press: ? - help, Shift-Dir - straight line, f - Edmund, p - wight
Aim: Edmund, wielding a flail of protection, wearing a ring mail and carrying a wand of flame (?/48) {zapped: 1} (lightly wounded)
The blast of sand hits the wight.
The wight is severely damaged.
j - 39 stones The wight hits you with an enchanted great sword!
* * * LOW HITPOINT WARNING * * *
You feel drained.
* * * LOW HITPOINT WARNING * * *
Unknown command.
Casting: Sandblast
Confirm with . or Enter, or press ? or * to list all spells.
Aiming: Sandblast
Press: ? - help, Shift-Dir - straight line, f/p - Edmund
Aim: Edmund, wielding a flail of protection, wearing a ring mail and carrying a wand of flame (?/48) {zapped: 1} (lightly wounded)
The blast of sand hits the wight.
You destroy the wight!
j - 38 stones
Press: ? - help, v - describe, . - travel
Here: Edmund, wielding a flail of protection, wearing a ring mail and carrying a wand of flame (?/48) {zapped: 1} (lightly wounded)
The floor.
Okay, then.
Unknown command.
Okay, then.
Okay, then.
Okay, then.
Unknown command.
There is a stone staircase leading up here.
Edmund zaps a wand.
The puff of flame hits you!
* * * LOW HITPOINT WARNING * * *
You climb upwards.
A hound comes into view.
There is a stone staircase leading down here.
The hound closely misses you.
Edmund hits you with a flail of protection!
You die...

....#..#.......†.#....#
....#............#.#..#
..............###..#..#
....#.##......###.#...#
......###.............#
.....####.............#
..............###.....##+##
.<#...........###..........
......##........@h.........
....### ...####.@.........
...#.... #....>.......
.....### #.##.........
...### #. ##.....#.. .#.#
.. ####### .._.. #.. .#.#.#
#.. .....#


You could see Edmund and a hound.

Vanquished Creatures
  A phantom (D:4)
  An ogre (D:4)
  A wight (D:6)
  A bullfrog zombie (D:5)
  A centaur skeleton (D:5)
  An iguana (D:5)
  A worker ant (D:6)
  3 gnolls (D:2)
  6 adders
  An adder skeleton (D:4)
  3 worms
  A dart slug (D:2)
  A leopard gecko (D:6)
  7 orcs
  3 bats
  A giant cockroach (D:2)
  3 hobgoblins
  4 jackals (D:3)
  A quokka (D:5)
  A ball python (D:1)
  5 goblins
  5 kobolds
  A quokka zombie (D:5)
  2 rats
55 creatures vanquished.

Vanquished Creatures (collateral kills)
  An orc wizard (D:4)
  A worm (D:2)
  An orc (D:4)
3 creatures vanquished.

Grand Total: 58 creatures vanquished

Notes
Turn   | Place    | Note
-------+----------+-------------------------------------------
     0 | D:1      | tidbits the Demigod Wanderer began the quest for the Orb.
     0 | D:1      | tidbits set off with: a book of Minor Magic, a potion of lignification, Cukighor's Incunabulum of Earth, a +0 robe, a +0 club, a +0 dagger, a bread ration
     0 | D:1      | Reached XP level 1. HP: 14/14 MP: 5/5
     0 | D:1      | Identified Cukighor's Incunabulum of Earth
     2 | D:1      | Learned a level 1 spell: Magic Dart
     4 | D:1      | Learned a level 1 spell: Sandblast
   378 | D:2      | Reached skill level 2 in Spellcasting
   388 | D:2      | Reached XP level 2. HP: 20/20 MP: 2/7
   394 | D:2      | Learned a level 2 spell: Call Imp
   411 | D:2      | Reached skill level 2 in Earth Magic
   489 | D:3      | Reached XP level 3. HP: 24/26 MP: 6/8
   716 | D:2      | Reached skill level 3 in Earth Magic
   774 | D:2      | Reached XP level 4. HP: 33/33 MP: 4/10
   968 | D:3      | Learned a level 3 spell: Stone Arrow
  1147 | D:3      | Found a shimmering altar of Xom.
  1169 | D:4      | Noticed an ogre
  1175 | D:4      | Killed an ogre
  1175 | D:4      | Reached skill level 3 in Spellcasting
  1175 | D:4      | Reached skill level 4 in Earth Magic
  1175 | D:4      | Reached XP level 5. HP: 38/38 MP: 2/12
  1205 | D:4      | Noticed a phantom
  1256 | D:4      | Killed a phantom
  1479 | D:5      | Entered Level 5 of the Dungeon
  1517 | D:5      | Reached XP level 6. HP: 28/45 MP: 14/14
  1715 | D:5      | Found a blossoming altar of Fedhas.
  1745 | D:5      | Reached skill level 5 in Earth Magic
  1768 | D:5      | Found a radiant altar of Vehumet.
  1771 | D:5      | Found a glowing silver altar of Zin.
  1774 | D:5      | Found a stormy altar of Qazlal.
  1893 | D:6      | Got a brightly glowing plate armour
  1904 | D:6      | Identified the +5 plate armour of Truth {rElec rC- Int+4 Stlth+} (You found it on level 6 of the Dungeon)
  1922 | D:6      | Noticed Edmund
  1954 | D:5      | Slain by Edmund

Vault maps used:
D:1:      ncdulo_watergridlock, grunt_decor_one_mirror
D:2:      minitemple, uniq_sigmund
D:3:      nicolae_overflow_crystal_walls, nicolae_ru_awakened_eye
D:4:      first_bread
D:5:      grunt_temple_overflow_diamond, lemuel_crystal_altar, minivault_25,
          minivault_19, led_xom_imps
D:6:      lemuel_ice_spiral_2, grunt_ministairs_8, uniq_edmund

Skill      XL: |  1  2  3  4  5  6 |
---------------+-------------------+-----
Spellcasting   | 2 3 |  3.7
Earth Magic    | 2 3 4 5 |  5.4
Stealth        | |  1.9
Conjurations   | |  2.8
Ice Magic      | |  1.7

Action                   |  1- 3 |  4- 6 || total
-------------------------+-------+-------++-------
Melee: Dagger            |    54 |    76 ||   130
 Cast: Magic Dart        |    24 |    23 ||    47
       Sandblast         |    13 |    38 ||    51
       Call Imp          |     1 |     1 ||     2
       Stone Arrow       |       |     5 ||     5
  Use: Scroll            |     1 |     5 ||     6
 Stab: Sleeping          |     2 |     1 ||     3
  Eat: Chunk             |       |     4 ||     4
Armor: Leather armour    |    10 |    17 ||    27
Dodge: Dodged            |    22 |    26 ||    48

Table legend:
 A = Spawn XP
 B = Non-spawn XP
 C = Spawn XP percentage of total XP
 D = Spawn monster count
 E = Non-spawn monster count
 F = Spawn count percentage of total count
 G = Total turns spent on level
                    A         B        C        D         E        F      G
               +---------+---------+-------+---------+---------+-------+---------
         Total |       2 |     711 |   0.3 |       1 |      57 |   1.7 |  1954
               +---------+---------+-------+---------+---------+-------+---------
           D:1 |       0 |       9 |   0.0 |       0 |       7 |   0.0 |   330
           D:2 |       2 |     124 |   1.6 |       1 |      20 |   4.8 |   572
           D:3 |       0 |      21 |   0.0 |       0 |       9 |   0.0 |   375
           D:4 |       0 |     325 |   0.0 |       0 |      11 |   0.0 |   340
           D:5 |       0 |     134 |   0.0 |       0 |       6 |   0.0 |   240
           D:6 |       0 |      98 |   0.0 |       0 |       4 |   0.0 |    97
               +---------+---------+-------+---------+---------+-------+---------

Table legend:
 A = Turns spent in this place as a percentage of turns spent in the entire game.
 B = Non-inter-level travel turns spent in this place as a percentage of non-inter-level travel turns spent in the entire game.
 C = Inter-level travel turns spent in this place as a percentage of turns spent in this place.
 D = Turns resting spent in this place as a percentage of non-inter-level travel turns spent in this place.
 E = Turns spent auto-exploring this place as a percentage of non-inter-level travel turns spent in this place.
 F = Non-inter-level travel turns spent in this place divided by the number of levels of this place that you've seen.
                   A       B       C       D       E      F
               +-------+-------+-------+-------+-------+----------------------
         Total | 100.0 | 100.0 |   1.0 |   0.0 |   0.0 | 322.3
       Dungeon | 100.0 | 100.0 |   1.0 |   0.0 |   0.0 | 322.3
               +-------+-------+-------+-------+-------+----------------------

Table legend:
 A = Kills in this place as a percentage of kills in entire the game.
 B = Kills by you in this place as a percentage of kills by you in the entire game.
 C = Kills by friends in this place as a percentage of kills by friends in the entire game.
 D = Other kills in this place as a percentage of other kills in the entire game.
 E = Experience gained in this place as a percentage of experience gained in the entire game.
 F = Experience gained in this place divided by the number of levels of this place that you have seen.
                   A       B       C       D       E      F
               +-------+-------+-------+-------+-------+----------------------
         Total | 100.0 | 100.0 | 100.0 |   N/A | 100.0 | 118.8
       Dungeon | 100.0 | 100.0 | 100.0 |   N/A | 100.0 | 118.8
               +-------+-------+-------+-------+-------+----------------------

Vault maps used:
D:1:      ncdulo_watergridlock, grunt_decor_one_mirror
D:2:      minitemple, uniq_sigmund
D:3:      nicolae_overflow_crystal_walls, nicolae_ru_awakened_eye
D:4:      first_bread
D:5:      grunt_temple_overflow_diamond, lemuel_crystal_altar, minivault_25,
          minivault_19, led_xom_imps
D:6:      lemuel_ice_spiral_2, grunt_ministairs_8, uniq_edmund
